 Dungeon Crawl Stone Soup version 0.28.0-43-g3370ac3207 (webtiles) character file.

Game seed: 13300726880885867757

380 Ablot the Grasshopper (level 6, -5/51 HPs)
             Began as a Gnoll Warper on Mar 12, 2022.
             Was an Initiate of Okawaru.
             Killed from afar by an orc wizard (7 damage)
             ... with a puff of flame
             ... on level 4 of the Dungeon.
             The game lasted 00:04:34 (3268 turns).

Ablot the Grasshopper (Gnoll Warper)                Turns: 3268, Time: 00:04:35

Health: -5/51      AC: 10    Str: 12    XL:     6   Next: 75%
Magic:  14/14      EV: 13    Int: 13    God:    Okawaru [......]
Gold:   187        SH:  5    Dex: 11    Spells: 11/15 levels left

rFire   . . .      SeeInvis .   a - +1 trident (protect)
rCold   . . .      Faith    .   (no shield)
rNeg    . . .      Spirit   .   q - +1 robe {Will+}
rPois   .          Reflect  +   (no helmet)
rElec   .          Harm     .   (no cloak)
rCorr   .          Rampage  .   (no gloves)
Will    +....                   (no boots)
Stlth   ++........              r - amulet of reflection
HPRegen 0.17/turn               (no ring)
MPRegen 0.14/turn               (no ring)

@: under a protective aura
A: fangs 1, strong nose, distributed training
a: Renounce Religion


You were on level 4 of the Dungeon.
You worshipped Okawaru.
Okawaru was noncommittal.
You visited 1 branch of the dungeon, and saw 4 of its levels.

You collected 187 gold pieces.

Inventory:

Hand Weapons
 a - a +1 trident of protection (weapon)
 p - a +3 hunting sling of freezing
 s - a +2 dagger of venom
Missiles
 d - 5 boomerangs of dispersal
 g - 146 stones
 h - 3 poisoned darts (quivered)
Armour
 q - a +1 robe of willpower (worn)
Magical Staves
 j - a staff of conjuration
Jewellery
 r - an amulet of reflection (around neck)
Scrolls
 c - 3 scrolls of blinking
 e - 6 scrolls of identify {unknown}
 k - a scroll of vulnerability {unknown}
 m - a scroll of immolation {unknown}
 o - a scroll of enchant armour {unknown}
 t - a scroll of fear {unknown}
 u - a scroll of enchant weapon {unknown}
 v - a scroll of teleportation {unknown}
 w - 2 scrolls of amnesia {unknown}
Potions
 b - a potion of resistance {unknown}
 f - 2 potions of haste {unknown}
 i - a potion of curing {unknown}
 l - a potion of might {unknown}
 n - a potion of flight {unknown}


   Skills:
 + Level 5.0 Fighting
 + Level 2.1 Short Blades
 + Level 2.1 Long Blades
 + Level 2.1 Axes
 + Level 2.1 Maces & Flails
 + Level 5.0 Polearms
 + Level 2.1 Staves
 + Level 2.1 Slings
 + Level 2.1 Bows
 + Level 2.1 Crossbows
 + Level 3.3 Throwing
 + Level 3.3 Armour
 + Level 5.0 Dodging
 + Level 2.1 Stealth
 + Level 2.1 Shields
 + Level 2.1 Unarmed Combat
 + Level 5.4 Spellcasting
 + Level 1.6 Conjurations
 + Level 1.6 Hexes
 + Level 1.6 Summonings
 + Level 1.6 Necromancy
 + Level 5.7 Translocations
 + Level 1.6 Transmutations
 + Level 1.6 Fire Magic
 + Level 1.6 Ice Magic
 + Level 1.6 Air Magic
 + Level 1.6 Earth Magic
 + Level 1.6 Poison Magic
 + Level 2.3 Invocations
 + Level 2.1 Evocations


You had 11 spell levels left.
You knew the following spells:

 Your Spells              Type           Power      Damage    Failure   Level
a - Blink                 Tloc           36%        N/A       2%          2
b - Poisonous Vapours     Pois/Air       14%        N/A       14%         2

Your spell library contained the following spells:

 Spells                   Type           Power      Damage    Failure   Level
 Gell's Gravitas          Tloc           18%        N/A       4%          3
 Lesser Beckoning         Tloc           18%        N/A       4%          3
 Teleport Other           Tloc           18%        N/A       4%          3
 Corpse Rot               Necr/Air       14%        N/A       14%         2
 Manifold Assault         Tloc           18%        N/A       43%         5


Dungeon Overview and Level Annotations

Branches:
Dungeon (4/15)
 Temple: D:4-7

Altars:
Gozag
Okawaru

Shops:
D:4 *


Innate Abilities, Weirdness & Mutations

You have very sharp teeth.
Your uncanny sense of smell can sniff out nearby items.
Your experience applies equally to all skills.


Message History

You hear some strange, mumbled words.
Something tries to affect you, but you resist.
You hit the orc priest.
You kill the orc priest!
Okawaru accepts your kill. The orc hits you but does no damage.
You hear some strange, mumbled words.
A puff of flame appears from out of thin air!
The puff of flame misses you. The orc hits you but does no damage.
You closely miss the orc. Something hits you.
* * * LOW HITPOINT WARNING * * *
The orc misses you.
You hit the orc but do no damage. Something hits you.
* * * LOW HITPOINT WARNING * * *
The orc hits you with a +0 dagger.
* * * LOW HITPOINT WARNING * * *
You hit the orc.
The orc is moderately wounded.
Something hits you.
* * * LOW HITPOINT WARNING * * *
The orc closely misses you.
Unknown command.
You hit the orc. You bite the orc.
You kill the orc!
Okawaru accepts your kill. Something hits you but does no damage.
Unknown command.
You miss something.
You hear some strange, mumbled words.
A magic dart appears from out of thin air!
The magic dart hits you.
* * * LOW HITPOINT WARNING * * *
Okay, then.
You barely miss something. Something hits you but does no damage.
You puncture something! Something hits you but does no damage.
You miss something.
You hear some strange, mumbled words.
A puff of flame appears from out of thin air!
The puff of flame hits you!
You die...

#.....##)........#........#
#.!## .......?..........# .
#.....>...........#
#.....###.........# ∆
#.................## .
#..........)<.......
...##.................##
........{.....≈≈≈≈≈≈≈.#
......)@..)...≈.....≈...
..###..)).....≈.⌠.⌠.≈...
#########.≈..∩..≈.##
##≈.⌠.⌠.≈.# #≈.....≈.#
#≈≈...≈≈.# .≈._.≈. .≈...≈.
.≈≈.≈≈.


There were no monsters in sight!

Vanquished Creatures
  A scorpion (D:4)
  A water moccasin skeleton (D:3)
  An orc priest (D:4)
  A hound (D:3)
  A gnoll shaman (D:4)
  An orc wizard (D:2)
  4 gnolls
  2 adders
  3 worms (D:3)
  3 dart slugs
  8 orcs
  14 ball pythons
  5 endoplasms
  A giant cockroach (D:1)
  8 goblins
  8 hobgoblins
  4 quokkas
  5 bats
  5 frilled lizards
  9 kobolds
  6 rats
91 creatures vanquished.

Notes
Turn   | Place    | Note
-------+----------+-------------------------------------------
     0 | D:1      | Ablot the Gnoll Warper began the quest for the Orb.
     0 | D:1      | Reached XP level 1. HP: 20/20 MP: 6/6
   168 | D:1      | Reached XP level 2. HP: 23/26 MP: 7/7
   171 | D:1      | Learned a level 2 spell: Blink
   743 | D:1      | Reached XP level 3. HP: 30/31 MP: 9/9
   803 | D:1      | Reached skill level 5 in Spellcasting
  1037 | D:2      | Found a faded altar of an unknown god.
  1302 | D:2      | Reached skill level 1 in Invocations
  1318 | D:2      | Reached skill level 1 in Short Blades
  1318 | D:2      | Reached skill level 1 in Long Blades
  1318 | D:2      | Reached skill level 1 in Axes
  1318 | D:2      | Reached skill level 1 in Maces & Flails
  1318 | D:2      | Reached skill level 1 in Staves
  1318 | D:2      | Reached skill level 1 in Slings
  1318 | D:2      | Reached skill level 1 in Bows
  1318 | D:2      | Reached skill level 1 in Crossbows
  1318 | D:2      | Reached skill level 1 in Stealth
  1318 | D:2      | Reached skill level 1 in Shields
  1318 | D:2      | Reached skill level 1 in Unarmed Combat
  1318 | D:2      | Reached skill level 1 in Evocations
  1318 | D:2      | Reached XP level 4. HP: 12/38 MP: 11/11
  1798 | D:2      | Reached skill level 1 in Conjurations
  1798 | D:2      | Reached skill level 1 in Hexes
  1798 | D:2      | Reached skill level 1 in Summonings
  1798 | D:2      | Reached skill level 1 in Necromancy
  1798 | D:2      | Reached skill level 1 in Transmutations
  1798 | D:2      | Reached skill level 1 in Fire Magic
  1798 | D:2      | Reached skill level 1 in Ice Magic
  1798 | D:2      | Reached skill level 1 in Air Magic
  1798 | D:2      | Reached skill level 1 in Earth Magic
  1798 | D:2      | Reached skill level 1 in Poison Magic
  2254 | D:3      | Reached XP level 5. HP: 34/43 MP: 12/12
  2567 | D:3      | Found an iron altar of Okawaru.
  2595 | D:3      | Reached XP level 6. HP: 45/50 MP: 13/13
  2608 | D:3      | Became a worshipper of Warmaster Okawaru
  2854 | D:3      | Learned a level 2 spell: Poisonous Vapours
  3138 | D:4      | Found Gozag's Platinum Reserve.
  3150 | D:4      | Reached skill level 5 in Fighting
  3150 | D:4      | Reached skill level 5 in Polearms
  3150 | D:4      | Reached skill level 5 in Dodging
  3159 | D:4      | Found an opulent altar of Gozag.
  3265 | D:4      | HP: 1/51 [something/magic dart (6)]
  3268 | D:4      | Killed from afar by an orc wizard

Illustrated notes

Levels and vault maps discovered:
D:1:      sevenhm_arrival_forest_fort_large_4, layout_rooms, minmay_cupped
D:2:      layout_loops_cross, basic_ecumenical_altar
D:3:      layout_loops_ring, okawaru_altar_gauntlet_db
D:4:      cheibrodos_helix_gallery, layout_rooms, jmf_multi_god_temple,
          nicolae_gozag_zags_fifth_avenue, temple_hall, lemuel_flame_loot_1,
          uniq_crazy_yiuf_cottage

Skill      XL: |  1  2  3  4  5  6 |
---------------+-------------------+-----
Spellcasting   | 5 |  5.4
Invocations    | 1 2 |  2.3
Short Blades   | 1 2 |  2.1
Long Blades    | 1 2 |  2.1
Axes           | 1 2 |  2.1
Maces & Flails | 1 2 |  2.1
Staves         | 1 2 |  2.1
Slings         | 1 2 |  2.1
Bows           | 1 2 |  2.1
Crossbows      | 1 2 |  2.1
Stealth        | 1 2 |  2.1
Shields        | 1 2 |  2.1
Unarmed Combat | 1 2 |  2.1
Evocations     | 1 2 |  2.1
Conjurations   | 1 |  1.6
Hexes          | 1 |  1.6
Summonings     | 1 |  1.6
Necromancy     | 1 |  1.6
Transmutations | 1 |  1.6
Fire Magic     | 1 |  1.6
Ice Magic      | 1 |  1.6
Air Magic      | 1 |  1.6
Earth Magic    | 1 |  1.6
Poison Magic   | 1 |  1.6
Throwing       | 3 |  3.3
Armour         | 3 |  3.3
Fighting       | 5 |  5.0
Polearms       | 5 |  5.0
Dodging        | 5 |  5.0
Translocations | |  5.7

Action                   |  1- 3 |  4- 6 || total
-------------------------+-------+-------++-------
Melee: Spear             |    39 |       ||    39
       Trident           |    73 |   199 ||   272
       Bite              |     6 |    16 ||    22
       Punch             |     1 |     4 ||     5
 Cast: Poisonous Vapours |       |     4 ||     4
 Stab: Sleeping          |       |     6 ||     6
       Distracted        |       |     1 ||     1
Armor: Leather armour    |    43 |     9 ||    52
       Robe              |       |    47 ||    47
Dodge: Dodged            |    64 |    99 ||   163
Block: Other             |       |    38 ||    38
       Reflection        |       |     1 ||     1
